 Dungeon Crawl Stone Soup version 0.21-a0-274-gc1afaeb (webtiles) character file.

28469 motkurip the Impaler (level 13, -10/92 HPs)
             Began as a Merfolk Skald on Sept 19, 2017.
             Was an Elder of Makhleb.
             Mangled by a spriggan rider
             ... wielding a cursed +0 spear
              (17 damage)
             ... on level 1 of the Swamp.
             The game lasted 00:50:49 (7893 turns).

motkurip the Impaler (Merfolk Skald)                Turns: 7893, Time: 00:50:50

Health: -10/92     AC:  7    Str: 11    XL:     13   Next: 39%
Magic:  12/17      EV: 22    Int: 13    God:    Makhleb [****..]
Gold:   1215       SH:  0    Dex: 18    Spells: 7/18 levels left

rFire    . . .     SeeInvis +   E - +0 glaive
rCold    . . .     Gourm    .   (shield currently unavailable)
rNeg     . . .     Faith    +   r - +0 leather armour (curse)
rPois    +         Spirit   .   o - +1 hat {SInv}
rElec    .         Reflect  .   (no cloak)
rCorr    .         Harm     .   n - +0 pair of gloves (curse)
MR       .....                  G - +0 pair of boots
Stlth    +.........             H - amulet of faith
HPRegen  0.25/turn              t - ring of poison resistance
MPRegen  0.15/turn              R - ring of wizardry

@: no status effects
A: change form in water, swift swim, stealthy swim, frail 1, sense surroundings
1, shaggy fur 1, wild magic 1
a: Minor Destruction, Lesser Servant of Makhleb, Major Destruction, Renounce
Religion


You were on level 1 of the Swamp.
You worshipped Makhleb.
Makhleb was greatly pleased with you.
You were not hungry.

You visited 4 branches of the dungeon, and saw 17 of its levels.
You also visited: Ice Cave.

You collected 1215 gold pieces.

Inventory:

Hand Weapons
 m - a +2 morningstar of freezing
 D - a +0 trident
 E - a +0 glaive (weapon)
Missiles
 b - 13 javelins
 B - a throwing net (quivered)
Armour
 n - a cursed +0 pair of gloves (worn)
 o - a +1 hat of see invisible (worn)
 r - a cursed +0 leather armour (worn)
 G - a +0 pair of boots (worn)
Jewellery
 t - a ring of poison resistance (left hand)
 H - an amulet of faith (around neck)
 O - an uncursed amulet of harm {unknown}
 R - a ring of wizardry (right hand)
Wands
 g - a wand of acid (4/15)
 y - a wand of lightning (0/15)
 M - a wand of flame (25/48)
 N - a wand of confusion (26/48)
Scrolls
 i - 3 scrolls of fear
 k - 3 scrolls of amnesia
 l - 3 scrolls of immolation
 p - 3 scrolls of blinking
 s - 3 scrolls of recharging
 u - a scroll of enchant armour
 v - 3 scrolls of enchant weapon {unknown}
 w - 2 scrolls of magic mapping {unknown}
 x - 5 scrolls of teleportation
 z - 10 scrolls of remove curse
 C - a scroll of holy word {unknown}
 K - a scroll of acquirement {unknown}
 P - a scroll of vulnerability {unknown}
Potions
 e - a potion of haste
 h - 3 potions of curing
 q - a potion of agility {unknown}
 A - a potion of might
 F - 4 potions of flight
 J - 3 potions of lignification
 L - 2 potions of heal wounds
Books
 c - a book of Battle

   Spells                             Type                      Level
   a - Infusion                       Charms                       1
   b - Shroud of Golubria             Charms/Translocation         2
   c - Song of Slaying                Charms                       2
   d - Spectral Weapon                Hexes/Charms                 3
   e - Regeneration                   Charms/Necromancy            3
 j - a book of Cantrips

   Spells                             Type                      Level
   a - Confusing Touch                Hexes                        1
   b - Animate Skeleton               Necromancy                   1
   c - Summon Small Mammal            Summoning                    1
   d - Apportation                    Translocation                1
Miscellaneous
 I - a box of beasts
Comestibles
 a - a royal jelly
 d - 6 bread rations
 f - 6 meat rations
 Q - 10 chunks of flesh


   Skills:
 - Level 10.3 Fighting
 * Level 18.8 Polearms
 - Level 0.6 Armour
 * Level 13.5 Dodging
 - Level 3.0 Spellcasting
 - Level 5.3 Hexes
 - Level 7.0 Charms
 - Level 3.0 Necromancy
 - Level 5.1 Invocations


You had 7 spell levels left.
You knew the following spells:

 Your Spells              Type           Power        Failure   Level  Hunger
a - Infusion              Chrm           ####         1%          1    #......
b - Song of Slaying       Chrm           ####....     1%          2    ###....
c - Spectral Weapon       Hex/Chrm       ###.....     4%          3    ###....
d - Apportation           Tloc           #.....       16%         1    #......
k - Animate Skeleton      Necr           N/A          5%          1    #......
r - Regeneration          Chrm/Necr      ###.......   6%          3    ###....


Dungeon Overview and Level Annotations

Branches:
Dungeon (9/15)             Temple (1/1) D:6            Lair (6/6) D:9
  Swamp (1/4) Lair:2        Snake (0/4) Lair:3
  Slime: Lair:5-6       Orc: D:9-12

Altars:
Ashenzari
Cheibriados
Elyvilon
Fedhas
Gozag
Hepliaklqana
Kikubaaqudgha
Makhleb
Okawaru
Ru
Trog
Vehumet

Annotations:
Lair:2 Fannar
Lair:5 exclusion: oklob plant


Innate Abilities, Weirdness & Mutations

You revert to your normal form in water.
You are very nimble and swift while swimming.
You are very stealthy in the water. (Stealth+)
You are frail. (-10% HP)
You passively map a small area around you.
You are covered in fur. (AC +1)
Your spells are a little harder to cast, but a little more powerful.


Message History

Okay, then.
You barely miss the komodo dragon.
The komodo dragon is severely wounded.
Your spectral weapon hits the komodo dragon.
The spriggan rider hits you from afar with a spear.
The komodo dragon misses you.
Unknown command.
Your +0 pair of boots unmelds from your body.
The spriggan rider hits you with a spear!
The tyrant leech bites your spectral weapon!
Your spectral weapon shares its damage with you!
The komodo dragon bites you!!
The spriggan rider hits you from afar with a spear!
* * * LOW HITPOINT WARNING * * *
The spriggan rider hits you from afar with a spear!
* * * LOW HITPOINT WARNING * * *
There is a staircase back to the Lair, spattered with blood here.
Unknown command.
The spriggan rider hits you with a spear!
You die...

,, ♣♣♣ ♣.♣
, ♣.♣ *. *
♣.♣♣♣ ♣♣..
, ,
♣≈≈≈♣♣....*
, *
♣♣≈.....≈≈.
* ,
♣≈≈≈w≈.≈≈..
* ≈
♣♣@li(≈≈≈≈≈
, * *
♣.ii≈≈≈§≈.
*
♣...≈.≈§.≈≈
*, *
♣..♣....≈.
≈ ≈ * *
♣..♣♣.≈≈.≈
,,
♣..♣,..≈.≈
≈ ≈ ≈ ....
.... ,*
.≈.. ...,
,* ♣♣..l
#÷# , ≈


You could see a tyrant leech, 3 spriggan riders, a komodo dragon and a friendly
spectral glaive.

Vanquished Creatures
  Gastronok (Lair:2)
  A hydra (Swamp:1)
  A two-headed ogre (D:8)
  2 death yaks (Lair:6)
  A lindwurm (Lair:6)
  2 manticores (Lair:6)
  5 elephants (Lair:6)
  A black mamba (Lair:2)
  10 spiny frogs
  3 rime drakes (Lair:5)
  An ice devil (IceCv)
  3 komodo dragons
  2 trolls (D:9)
  Grinder (D:5)
  8 hippogriffs
  19 yaks
  2 wyverns
  4 vampire mosquitoes (Lair:2)
  2 basilisks
  A hungry ghost (D:9)
  The ghost of motkurip the Poker, an amateur MfSk of Makhleb (D:3)
  7 water moccasins
  3 porcupines
  A phantom (D:6)
  2 sky beasts
  4 orc warriors
  2 ogres
  A centaur (D:6)
  6 wolves
  8 crocodiles
  4 bullfrogs
  A wyvern zombie (D:8)
  A scorpion (D:5)
  3 killer bees (D:7)
  3 howler monkeys
  5 electric eels
  3 crimson imps
  8 hounds
  2 bullfrog zombies
  2 jellies
  3 orc priests
  A centaur skeleton (D:6)
  Terence (D:3)
  4 orc wizards
  12 worker ants
  A worker ant zombie (D:6)
  7 adders
  7 gnolls
  A shadow imp (D:9)
  An adder zombie (D:7)
  An adder skeleton (D:4)
  3 worms (D:2)
  2 dart slugs
  6 leopard geckos
  30 orcs
  2 ball pythons (D:3)
  4 bats
  4 giant cockroaches
  8 hobgoblins
  6 jackals
  3 quokkas
  5 frilled lizards
  5 goblins
  3 kobolds
  A leopard gecko zombie (D:5)
  7 rats
265 creatures vanquished.

Vanquished Creatures (collateral kills)
  5 hydras
  A catoblepas (Lair:6)
  A death yak (Lair:6)
  A lindwurm (Lair:6)
  2 elephants (Lair:6)
  A black mamba (Lair:6)
  2 spiny frogs
  2 rime drakes (Lair:6)
  5 blink frogs (Lair:4)
  2 dream sheep (Lair:6)
  A black bear (Lair:5)
  2 wolves
  2 crocodiles
  A bullfrog (Lair:4)
  3 plants (Lair:4)
31 creatures vanquished.

Vanquished Creatures (others)
  2 fungi
  4 plants
  14 spectral weapons
20 creatures vanquished.

Grand Total: 316 creatures vanquished

Notes
Turn   | Place    | Note
-------+----------+-------------------------------------------
     0 | D:1      | motkurip the Merfolk Skald began the quest for the Orb.
     0 | D:1      | Reached XP level 1. HP: 16/16 MP: 3/3
   110 | D:1      | Reached XP level 2. HP: 8/22 MP: 1/5
   198 | D:1      | Learned a level 2 spell: Song of Slaying
   462 | D:2      | You fall through a shaft!
   576 | D:3      | Reached XP level 3. HP: 24/27 MP: 6/6
   715 | D:2      | Learned a level 3 spell: Spectral Weapon
   776 | D:2      | Noticed Terence
   815 | D:3      | Killed Terence
   815 | D:3      | Reached skill level 1 in Hexes
   815 | D:3      | Reached XP level 4. HP: 9/33 MP: 3/7
  1490 | D:3      | Noticed motkurip's ghost (amateur MfSk)
  1515 | D:3      | Killed motkurip's ghost
  1515 | D:3      | Reached XP level 5. HP: 9/38 MP: 5/8
  1807 | D:3      | Reached XP level 6. HP: 34/44 MP: 5/9
  1909 | D:3      | Learned a level 3 spell: Regeneration
  1955 | D:3      | Found a sacrificial altar of Ru.
  2088 | D:4      | Reached skill level 4 in Polearms
  2271 | D:4      | Reached skill level 5 in Polearms
  2338 | D:4      | Reached skill level 1 in Necromancy
  2338 | D:4      | Reached XP level 7. HP: 10/50 MP: 2/11
  2388 | D:4      | Found a hazy altar of Hepliaklqana.
  2531 | D:5      | Entered Level 5 of the Dungeon
  2542 | D:4      | Reached skill level 6 in Polearms
  2688 | D:5      | Reached skill level 7 in Polearms
  2731 | D:5      | Found a blossoming altar of Fedhas.
  2731 | D:5      | Noticed Grinder
  2773 | D:5      | Gained mutation: You are covered in fur. (AC +1) [potion of mutation]
  2773 | D:5      | Gained mutation: You are frail. (-10% HP) [potion of mutation]
  2773 | D:5      | Gained mutation: You passively map a small area around you. [potion of mutation]
  2773 | D:5      | Gained mutation: Your spells are a little harder to cast, but a little more powerful. [potion of mutation]
  2784 | D:5      | Killed Grinder
  2784 | D:5      | Reached skill level 9 in Polearms
  2889 | D:5      | Got a transparent flail
  2890 | D:5      | Identified the +7 flail of Tybleneo {crush, Fragile rF+ rN+ MR+ Dex+2} (You found it on level 5 of the Dungeon)
  2912 | D:6      | Reached XP level 8. HP: 45/50 MP: 8/12
  2934 | D:6      | Found a staircase to the Ecumenical Temple.
  2940 | Temple   | Entered the Ecumenical Temple
  2965 | Temple   | Became a worshipper of Makhleb the Destroyer
  3113 | D:6      | Learned a level 1 spell: Apportation
  3115 | D:6      | Learned a level 1 spell: Animate Skeleton
  3297 | D:6      | Reached * piety under Makhleb
  3301 | D:6      | Reached skill level 5 in Dodging
  3481 | D:7      | Found a white marble altar of Elyvilon.
  3504 | D:7      | Reached XP level 9. HP: 26/59 MP: 11/13
  3582 | D:7      | Reached skill level 5 in Fighting
  4073 | D:8      | Noticed a two-headed ogre
  4083 | D:8      | Killed a two-headed ogre
  4083 | D:8      | Reached skill level 11 in Polearms
  4126 | D:8      | Reached skill level 5 in Hexes
  4278 | D:8      | Reached ** piety under Makhleb
  4321 | D:8      | Found an iron altar of Okawaru.
  4329 | D:8      | Reached XP level 10. HP: 62/66 MP: 9/14
  4564 | D:9      | Reached skill level 12 in Polearms
  4569 | D:9      | Found a staircase to the Lair.
  4896 | Lair:1   | Entered Level 1 of the Lair of Beasts
  4985 | Lair:1   | Reached skill level 13 in Polearms
  5259 | Lair:2   | Noticed an eight-headed hydra
  5286 | Lair:2   | Reached skill level 1 in Invocations
  5322 | Lair:2   | Found a staircase to the Swamp.
  5329 | Lair:2   | Reached skill level 14 in Polearms
  5394 | Lair:2   | Reached *** piety under Makhleb
  5394 | Lair:2   | Reached XP level 11. HP: 64/74 MP: 0/15
  5529 | Lair:2   | Killed an eight-headed hydra
  5554 | Lair:2   | Noticed Gastronok
  5608 | Lair:2   | Killed Gastronok
  5683 | Lair:2   | Noticed Fannar
  5701 | Lair:3   | Reached skill level 15 in Polearms
  5842 | Lair:3   | Found a staircase to the Snake Pit.
  6023 | Lair:4   | Found a frozen archway.
  6032 | IceCv    | Entered an ice cave
  6306 | Lair:4   | Noticed an eight-headed hydra
  6314 | Lair:4   | Killed an eight-headed hydra
  6314 | Lair:4   | Reached XP level 12. HP: 32/85 MP: 10/16
  6356 | Lair:4   | Reached skill level 5 in Invocations
  6408 | Lair:4   | Reached skill level 10 in Dodging
  6433 | Lair:4   | Reached skill level 16 in Polearms
  6628 | Lair:5   | Reached **** piety under Makhleb
  6697 | Lair:5   | Reached skill level 10 in Fighting
  6771 | Lair:6   | Entered Level 6 of the Lair of Beasts
  6771 | Lair:6   | Noticed a six-headed hydra
  7070 | Lair:6   | Noticed a six-headed hydra
  7070 | Lair:6   | Reached skill level 17 in Polearms
  7183 | Lair:6   | Killed a six-headed hydra
  7508 | Lair:6   | Reached XP level 13. HP: 52/92 MP: 3/17
  7524 | Lair:6   | Reached skill level 18 in Polearms
  7873 | Swamp:1  | Entered Level 1 of the Swamp
  7893 | Swamp:1  | Mangled by a spriggan rider

Vault maps used:
D:1:      erik_arrival_blinker_ship
D:2:      first_bread, uniq_terence, uniq_crazy_yiuf_cottage
D:3:      lemuel_doored_altar
D:4:      kennysheep_little_box, minivault_27
D:5:      zin_purify, minitemple, basic_altar, fedhas_altar_2, uniq_grinder,
          uniq_duvessa
D:6:      minmay_temple_entry_hall, zaba_anthole
D:7:      grunt_ogre_cave, elyvilon_altar_3
D:8:      old_standard_altar, kennysheep_another_room
D:9:      erik_lair_island, ashenzari_altar_1
Temple:   regret_index_temple_sphere_string
Lair:2:   minmay_swamp_entry_swarm, lemuel_fruit_fields, uniq_gastronok,
          uniq_fannar
Lair:3:   dummy_snake_entry, grunt_forest_stairs_basic, beast_lair_carwin_9
Lair:4:   portal_ice_cave_entry_pillars_1, serial_bayou, serial_bayou_pond_c,
          serial_bayou_pond_d, serial_bayou_pond_a, serial_bayou_lagoon_b
Lair:5:   minmay_lair_oklob_tunnel, slime_altar_1, minivault_26, minivault_25,
          minmay_lair_drake_nest, grunt_megastairs_3
Lair:6:   hangedman_lair_in_review
Swamp:1:  evilmike_swamp_ruin_house_1, hangedman_swamp_blocks
IceCv:    ice_cave_tombish

Skill      XL: |  1  2  3  4  5  6  7  8  9 10 11 12 13 |
---------------+----------------------------------------+-----
Dodging        | 3 5 6 8 9 12 13 | 13.5
Charms         | 4 6 7 |  7.0
Hexes          | 1 2 5 |  5.3
Polearms       | 5 9 11 14 15 17 18 | 18.8
Spellcasting   | 3 |  3.0
Necromancy     | 1 3 |  3.0
Fighting       | 4 5 6 9 10 | 10.3
Invocations    | 2 4 5 |  5.1
Armour         | |  0.6

Action                   |  1- 3 |  4- 6 |  7- 9 | 10-12 | 13-15 || total
-------------------------+-------+-------+-------+-------+-------++-------
Melee: Spear             |    24 |       |       |       |       ||    24
       Short sword       |    75 |   105 |    59 |       |       ||   239
       Halberd           |       |    56 |    55 |       |       ||   111
       Flail             |       |       |    75 |       |       ||    75
       Glaive            |       |       |    66 |   389 |    51 ||   506
       Trident           |       |       |       |     6 |     7 ||    13
       Tailslap          |       |       |       |     2 |       ||     2
Throw: Javelin           |       |       |     2 |       |       ||     2
       Throwing net      |       |       |     1 |       |       ||     1
 Cast: Infusion          |     5 |     1 |       |       |       ||     6
       Spectral Weapon   |     1 |    13 |    28 |    51 |     4 ||    97
       Song of Slaying   |     1 |     3 |     3 |     8 |       ||    15
       Regeneration      |       |     8 |    25 |    33 |     6 ||    72
       Animate Skeleton  |       |       |     2 |    23 |     5 ||    30
Invok: Lesser Servant of |       |       |       |     7 |     4 ||    11
       Minor Destruction |       |       |       |     1 |       ||     1
Evoke: Wand              |       |       |     5 |       |       ||     5
  Use: Potion            |       |     1 |     7 |       |       ||     8
       Scroll            |       |     1 |       |    14 |       ||    15
 Stab: Sleeping          |     1 |     1 |     1 |       |       ||     3
       Distracted        |       |     1 |     1 |     6 |     3 ||    11
       Held in net/web   |       |       |     1 |       |       ||     1
  Eat: Chunk             |       |     9 |    12 |    15 |     3 ||    39
       Royal jelly       |       |       |     1 |     2 |       ||     3
       Fruit             |       |       |       |     6 |       ||     6
Armor: Leather armour    |    14 |    26 |    27 |    53 |     8 ||   128
       Skin              |       |       |    47 |       |       ||    47
Dodge: Dodged            |    28 |   106 |   162 |   258 |    22 ||   576

Table legend:
 A = Spawn XP
 B = Non-spawn XP
 C = Spawn XP percentage of total XP
 D = Spawn monster count
 E = Non-spawn monster count
 F = Spawn count percentage of total count
 G = Total turns spent on level
                    A         B        C        D         E        F      G
               +---------+---------+-------+---------+---------+-------+---------
         Total |       0 |   40671 |   0.0 |       0 |     293 |   0.0 |  7893
               +---------+---------+-------+---------+---------+-------+---------
           D:1 |       0 |      17 |   0.0 |       0 |      10 |   0.0 |   317
           D:2 |       0 |      56 |   0.0 |       0 |      20 |   0.0 |   798
           D:3 |       0 |     327 |   0.0 |       0 |      26 |   0.0 |   933
           D:4 |       0 |     331 |   0.0 |       0 |      18 |   0.0 |   574
           D:5 |       0 |     451 |   0.0 |       0 |      14 |   0.0 |   285
           D:6 |       0 |     961 |   0.0 |       0 |      28 |   0.0 |   466
           D:7 |       0 |    1036 |   0.0 |       0 |      23 |   0.0 |   600
           D:8 |       0 |    1557 |   0.0 |       0 |      17 |   0.0 |   429
           D:9 |       0 |    1707 |   0.0 |       0 |      20 |   0.0 |   443
        Lair:1 |       0 |    1557 |   0.0 |       0 |       9 |   0.0 |   363
        Lair:2 |       0 |    5128 |   0.0 |       0 |      11 |   0.0 |   458
        Lair:3 |       0 |    3150 |   0.0 |       0 |      17 |   0.0 |   436
        Lair:4 |       0 |    4876 |   0.0 |       0 |      20 |   0.0 |   433
        Lair:5 |       0 |    4533 |   0.0 |       0 |      21 |   0.0 |   477
        Lair:6 |       0 |   13405 |   0.0 |       0 |      36 |   0.0 |   763
       Swamp:1 |       0 |    1222 |   0.0 |       0 |       2 |   0.0 |    20
         IceCv |       0 |     357 |   0.0 |       0 |       1 |   0.0 |    47
               +---------+---------+-------+---------+---------+-------+---------
